 Dungeon Crawl Stone Soup version 0.13.0-7-g3df9ff1 (webtiles) character file.

218 Lilouch the Shield-Bearer (level 4, -3/36 HPs)
             Began as a Demonspawn Fighter on Oct 16, 2013.
             Killed from afar by an orc wizard (11 damage)
             ... with a puff of frost
             ... on Level 3 of the Dungeon.
             The game lasted 00:08:31 (1818 turns).

Lilouch the Shield-Bearer (Demonspawn Fighter)      Turns: 1818, Time: 00:08:32

HP  -3/36        AC  9     Str 18      XL: 4   Next: 57%
MP   3/3         EV  4     Int  9      God:
Gold 111         SH 18     Dex 12      Spells:  0 memorised,  3 levels left

Res.Fire  : . . .   See Invis. : .   n - -1,-2 dwarf hand axe (curse)
Res.Cold  : . . .   Warding    : .   p - +0 chain mail
Life Prot.: . . .   Conserve   : .   c - +0 shield
Res.Poison: .       Res.Corr.  : .   (helmet restricted)
Res.Elec. : .       Clarity    : .   (no cloak)
Sust.Abil.: . .     Spirit.Shd : .   (no gloves)
Res.Mut.  : .       Stasis     : .   (no boots)
Res.Rott. : .       Flight     : .   (no amulet)
Saprovore : . . .                    (no ring)
                                     (no ring)

@: mildly poisoned, slightly resistant to hostile enchantments, extremely
unstealthy
A: horns 1
a: no special abilities


You were on level 3 of the Dungeon.
You were not hungry.

You visited 1 branch of the dungeon, and saw 3 of its levels.

You collected 91 gold pieces.

Inventory:

Hand weapons
 a - a +0,+0 mace
 e - a +0,+0 anti-magic dagger (quivered)
 n - a cursed -1,-2 dwarven hand axe (weapon)
 x - a +0,+0 orcish flail
Missiles
 h - 10 poisoned needles
 t - 38 stones
Armour
 b - a +0 scale mail
 c - a +0 shield (worn)
 p - a +0 chain mail (worn)
Magical devices
 q - a wand of enslavement (13) {unknown}
Comestibles
 d - a bread ration
 j - an apple
 m - 3 meat rations
 o - a chunk of rat flesh
 r - a cheese
 z - a chunk of adder flesh
Scrolls
 i - a scroll of enchant weapon II {unknown}
 k - a scroll of noise {unknown}
 s - 3 scrolls of magic mapping {unknown}
Jewellery
 y - a +4 ring of strength {unknown}
Potions
 f - a potion of agility {unknown}
 g - 2 potions of speed {unknown}
 l - 3 potions of curing {unknown}
 u - a potion of resistance {unknown}
 v - a potion of magic {unknown}
 w - a potion of heal wounds {unknown}


   Skills:
 - Level 3.0 Fighting
 * Level 3.3 Maces & Flails
 + Level 3.2 Armour
 + Level 3.4 Shields


You had 3 spell levels left.
You didn't know any spells.

Dungeon Overview and Level Annotations

Branches:
Dungeon (3/27)

Altars:
Xom


Innate Abilities, Weirdness & Mutations

You have a pair of small horns on your head.


Message History

An orc wizard comes into view. It is wielding an orcish dagger.
An orc and an orc priest come into view.
The orc shouts!
The orc moves out of view.
You see here 8 gold pieces.
The orc priest mumbles some strange prayers to Beogh against you.
Something smites you!
* * * LOW HITPOINT WARNING * * *
The orc wizard casts a spell.
The orc wizard seems to speed up.
* * * LOW HITPOINT WARNING * * *
You feel sick.
The orc wizard mumbles some strange words.
You feel troubled.
Items here: % ))) [[
* * * LOW HITPOINT WARNING * * *
You feel sick.
The orc wizard gestures at you while chanting.
The puff of frost hits you!
You die...

......................
..#########.##.####### #.#
#.##.# #o# #.##.# #$# #.##.#
..#.####.#########.##.#######
..............o..............
..#.####.#########.##.#######
....##.....>@..K##.##.#######
................)o...........
....##.[........#############
.. #....%.....# #..........#
#..........# .............#
###..........# #..........#


You could see an orc wizard and a kobold.

Vanquished Creatures
  Terence (D:2)
  4 adders
  A worm (D:1)
  A giant gecko (D:1)
  5 orcs
  A giant cockroach (D:1)
  7 hobgoblins
  4 kobolds
  2 quokkas (D:2)
  5 bats
  2 giant newts
  10 goblins
  8 rats
51 creatures vanquished.

Notes
Turn   | Place    | Note
--------------------------------------------------------------
     0 | D:1      | Lilouch, the Demonspawn Fighter, began the quest for the Orb.
     0 | D:1      | Reached XP level 1. HP: 18/18 MP: 0/0
   239 | D:1      | Gained mutation: You have a pair of small horns on your head. [demonic ancestry]
   239 | D:1      | Reached XP level 2. HP: 18/24 MP: 0/1
   375 | D:1      | Found a shimmering altar of Xom.
   656 | D:1      | Reached XP level 3. HP: 30/30 MP: 2/2
  1038 | D:2      | Noticed Terence
  1054 | D:2      | Killed Terence
  1085 | D:2      | Reached XP level 4. HP: 16/36 MP: 3/3
  1818 | D:3      | Killed from afar by an orc wizard

Action                   |  1- 3 |  4- 6 || total
-------------------------+-------+-------++-------
Melee: Dagger            |    75 |       ||    75
       Hand axe          |    94 |    99 ||   193
